 Dungeon Crawl Stone Soup version 0.28.0-47-ge53b351184 (webtiles) character file.

Game seed: 6829078197922835466

5 NinjaNoafa the Insei (level 1, -3/17 HPs)
             Began as a Djinni Transmuter on May 3, 2022.
             Slain by a kobold
             ... wielding a +0 short sword
              (5 damage)
             ... on level 1 of the Dungeon.
             The game lasted 00:00:26 (87 turns).

NinjaNoafa the Insei (Djinni Transmuter)              Turns: 87, Time: 00:00:27

Health: -3/17      AC:  2    Str:  9    XL:     1   Next: 88%
Gold:   5          EV: 12    Int: 14    God:
                   SH:  0    Dex: 13

rFire   + + .      SeeInvis .   b - +0 short sword
rCold   x . .      Faith    .   (no shield)
rNeg    . . .      Spirit   .   a - +0 robe
rPois   ∞          Reflect  .   (helmet currently unavailable)
rElec   .          Harm     .   (no cloak)
rCorr   .          Rampage  .   (no gloves)
Will    .....                   (boots unavailable)
Stlth   +.........              (no amulet)
HPRegen 0.05/turn               (no ring)
MPRegen 0.00/turn               (no ring)

@: appendages (expiring), flying
A: horns 2, flying, sickness immunity, fire resistance 2, cold vulnerability 1,
float, innate caster, HP casting, extra vitality 1
a: End Transformation


You were on level 1 of the Dungeon.
You had temporarily grown beastly horns.
You visited 1 branch of the dungeon, and saw 1 of its levels.

You collected 5 gold pieces.

Inventory:

Hand Weapons
 b - a +0 short sword (weapon)
Armour
 a - a +0 robe (worn)


   Skills:
 + Level 1.1 Fighting
 + Level 2.3 Dodging
 + Level 3.0 Unarmed Combat
 * Level 1.7 Spellcasting


You couldn't memorise any spells.
You knew the following spells:

 Your Spells              Type           Power      Damage    Failure   Level
a - Beastly Appendage     Tmut           12%        N/A       12%         1
b - Wereblood             Tmut           6%         N/A       19%         2
c - Spider Form           Tmut/Pois      6%         N/A       34%         3
d - Ice Form              Ice/Tmut       6%         N/A       75%         4
Your spell library was empty.

Dungeon Overview and Level Annotations

Branches:
Dungeon (1/15)

Altars:


Innate Abilities, Weirdness & Mutations

You have temporarily grown beastly horns.
You are flying.
You are immune to sickness and miasma.
You are immune to poison.
Your flesh is very heat resistant. (rF++)
You are vulnerable to cold. (rC-)
You float through the air rather than walking.
You learn spells naturally, not from books.
Your magical power is your life essence.
You have superior vitality. (+4 MHP)


Message History

Confirm with . or Enter, or press ? or * to list all spells.
You grow a pair of large bovine horns.
* * * LOW HITPOINT WARNING * * *
The bat hits you but does no damage.
The dart slug bites you but does no damage.
A kobold comes into view. It is wielding a +0 short sword.
The kobold shouts!
You hit the dart slug.
The dart slug is severely wounded.
The bat closely misses you.
You hit the dart slug.
You kill the dart slug!
The bat hits you but does no damage. The bat closely misses you.
Things that are here:
a +0 club; 4 stones; a frilled lizard corpse Your transformation is almost over.
The bat hits you but does no damage. The bat closely misses you.
Things that are here:
a +0 short sword; 2 stones; a dart slug corpse
b - a +0 short sword The bat closely misses you.
The kobold throws a stone.
The stone closely misses you.
b - a +0 short sword (weapon)
The bat barely misses you.
Your magical contamination has completely faded away.
You barely miss the bat. The bat hits you but does no damage.
You hit the bat but do no damage. The bat closely misses you.
The kobold hits you but does no damage.
You closely miss the kobold. The bat misses you.
The kobold hits you with a +0 short sword.
* * * LOW HITPOINT WARNING * * *
You barely miss the kobold. The bat closely misses you.
The kobold hits you but does no damage.
You hit the kobold.
The kobold is heavily wounded.
The bat hits you.
* * * LOW HITPOINT WARNING * * *
The kobold hits you with a +0 short sword.
You die...

.#......#.#
..........#
#.#.##.###.# #.#.
#.# #.# ....##.###.#
#..........#####
#########.........#
#..........##.###.#
#.....@)...##.#
........K...##†###.#
.......b....##.....#
............########
............#
............#
............#
............#


You could see a bat and a kobold.

Vanquished Creatures
  A dart slug (D:1)
  A frilled lizard (D:1)
  2 kobolds (D:1)
  A rat (D:1)
5 creatures vanquished.

Notes
Turn   | Place    | Note
-------+----------+-------------------------------------------
     0 | D:1      | NinjaNoafa the Djinni Transmuter began the quest for the
                  | Orb.
     0 | D:1      | Reached XP level 1. HP: 17/17 MP: 0/0
    87 | D:1      | Slain by a kobold

Illustrated notes

Levels and vault maps discovered:
D:1:      minmay_arrival_jagged, layout_basic, dreamdust_ecumenical_altar_grove,
          minmay_misc_feat_roman

Action                   || total
-------------------------++-------
Melee: Unarmed           ||    22
       Short sword       ||     5
       Headbutt          ||     3
       Punch             ||     1
 Cast: Beastly Appendage ||     2
Armor: Robe              ||     9
Dodge: Dodged            ||    24
